Map: Merry Go Round LE

Players

couchman

  • Race: Terran Terran
  • Spawn Location: 11:00

CBagRun

  • Race: Zerg Zerg
  • Spawn Location: 1:00

HORSES

  • Race: Zerg Zerg
  • Spawn Location: 6:00

VOD

Have the link to the VOD?

Description

Time

  • Played on: Dec. 12, 2021, 6:15 a.m.
  • Length: 15:35
Show
View Real Time Build Order
Export as new Build Order

couchman Terran 

Build Orders:  

Get SALT Encoding   

  12  0:00  SCV  
  13  0:13  SCV  
  14  0:19  Supply Depot  
  14  0:25  SCV  
  15  0:40  SCV  
  15  0:41  Refinery  
  16  0:53  SCV  
  17  1:05  SCV  
  18  1:17  SCV  
  19  1:23  Command Center  
  19  1:29  SCV  
  20  1:33  Barracks  
  20  1:47  SCV  
  21  1:54  Refinery  
  21  1:59  SCV  
  22  2:12  SCV  
  23  2:26  Factory  
  23  2:35  SCV  
  24  2:37  SCV  
  24  2:46  Barracks Tech Lab  
  24  2:47  SCV  
  24  2:49  SCV  
  26  2:57  Supply Depot  
  26  2:58  Engineering Bay  
  26  2:59  SCV  
  26  3:02  SCV  
  26  3:04  Marine  
  29  3:13  Bunker  
  29  3:14  SCV  
  30  3:22  Marine  
  30  3:26  SCV, Armory  
  32  3:28  Combat Shield  
  32  3:33  Terran Infantry Weapons Level 1  
  32  3:40  Marine  
  32  3:41  SCV  
  34  3:44  SCV  
  35  3:50  Missile Turret  
  35  3:53  SCV  
  36  3:58  Marine, Hellion  
  39  4:05  SCV  
  40  4:13  SCV  
  40  4:15  Marine, Starport  
  40  4:17  SCV, Refinery  
  43  4:25  SCV  
  43  4:29  SCV  
  45  4:33  Marine  
  46  4:53  Barracks  
  46  4:58  Orbital Command  
  46  5:03  Supply Depot  
  46  5:10  Starport Tech Lab  
  46  5:20  Starport  
  46  5:25  SCV  
  46  5:26  Supply Depot  
  47  5:34  SCV  
  48  5:37  SCV  
  49  5:46  SCV  
  49  5:49  Supply Depot, SCV  
  51  5:50  Barracks Reactor  
  51  6:01  Starport Tech Lab, SCV  
  52  6:13  Supply Depot  
  52  6:14  SCV  
  52  6:15  Refinery  
  52  6:18  SCV  
  54  6:22  Marine  
  54  6:24  Command Center  
  55  6:39  Fusion Core  
  55  6:40  Marine  
  55  6:42  Marine x2  
  58  6:49  Widow Mine  
  60  6:58  Marine  
  60  7:00  Marine x2  
  63  7:08  Command Center  
  63  7:10  Widow Mine  
  63  7:11  Refinery  
  65  7:15  Marine  
  65  7:17  Marine  
  65  7:18  Marine  
  68  7:23  SCV  
  69  7:32  Widow Mine  
  69  7:33  Marine  
  69  7:34  Barracks  
  69  7:35  Marine, SCV  
  69  7:36  Marine  
  75  7:47  SCV  
  76  7:51  Marine  
  76  7:53  Marine x2  
  79  7:59  Battlecruiser, SCV  
  79  8:00  Battlecruiser  
  92  8:09  Marine  
  92  8:11  Starport  
  93  8:17  Supply Depot  
  93  8:19  Marine x2, SCV  
  96  8:23  Barracks  
  96  8:27  Marine  
  97  8:31  Barracks Reactor  
  97  8:33  Stimpack  
  97  8:37  Marine x2  
  97  8:39  SCV  
  97  8:40  Supply Depot  
  100  8:43  SCV  
  100  8:44  Marine  
  102  8:50  Starport  
  102  8:51  Starport Tech Lab, SCV  
  102  8:55  Marine, SCV  
  105  9:03  Battlecruiser, SCV  
  105  9:04  Battlecruiser, Supply Depot  
  118  9:12  Barracks  
  118  9:15  SCV  
  119  9:21  Command Center  
  119  9:25  Command Center  
  119  9:26  Supply Depot  
  119  9:27  SCV  
  114  10:00  Barracks  
  105  10:39  Starport Tech Lab  
  101  10:43  Battlecruiser x3  
  116  11:09  Weapon Refit  
  112  11:47  Battlecruiser x2  
  112  11:48  Battlecruiser  
  124  12:00  Bunker  
  114  13:17  Marine x4  
  114  13:18  Marine x4  
  121  13:24  Battlecruiser x2  
  121  13:25  Battlecruiser x2  
  145  13:35  Marine x6  
  145  13:36  Marine  
  152  14:28  Battlecruiser  
  152  14:29  Battlecruiser  
  164  14:52  Marine x4  
  167  14:53  Marine x2  
Show
View Real Time Build Order
Export as new Build Order

CBagRun Zerg 

Build Orders: Pool First 

Get SALT Encoding   

  12  0:12  Drone  
  13  0:14  Overlord  
  13  0:17  Drone  
  14  0:40  Spawning Pool  
  13  0:52  Drone  
  13  0:53  Drone  
  13  0:55  Drone  
  16  1:16  Drone  
  17  1:27  Queen  
  19  1:36  Drone  
  19  1:38  Drone  
  19  1:39  Zergling x2  
  22  1:53  Extractor  
  21  2:02  Zergling x2  
  22  2:45  Overlord  
  22  2:46  Overlord  
  22  3:03  Queen  
  24  3:28  Zergling x4  
  24  3:29  Zergling x4  
  28  3:42  Metabolic Boost  
  28  4:23  Zergling x2  
  29  4:25  Drone x2  
  29  4:26  Zergling x4  
  33  5:22  Drone x3  
  36  5:40  Zergling x6, Hatchery  
  38  5:50  Overlord  
  38  6:09  Evolution Chamber  
  37  6:24  Spore Crawler  
  36  6:30  Spore Crawler  
  35  6:36  Spore Crawler  
  34  6:45  Spore Crawler  
  33  6:58  Drone  
  35  7:08  Zergling x6  
  37  7:31  Drone x3  
  40  7:37  Drone  
  40  7:38  Drone x2  
  43  8:22  Zergling x8  
  43  8:23  Zergling x2  
  48  8:44  Lair  
  48  9:01  Zergling x8  
  52  9:12  Overlord  
  52  9:13  Overlord  
  52  9:39  Spine Crawler  
  51  9:46  Spine Crawler  
  51  9:52  Spine Crawler  
  49  9:58  Spore Crawler, Zergling x8  
  49  9:59  Zergling x4  
  54  10:32  Zerg Ground Armor Level 1  
  54  10:54  Zergling x6  
  54  10:55  Zergling x6  
  60  11:00  Zergling x8  
  60  11:01  Zergling x8  
  68  11:08  Overlord  
  68  11:10  Overlord  
  68  11:42  Lair  
  68  11:54  Overseer  
  68  11:59  Overseer  
  68  12:00  Overseer  
  68  12:01  Overseer  
  68  12:02  Overseer x2  
  68  12:04  Overseer  
  68  12:06  Overseer  
  68  12:07  Overseer  
  68  12:26  Zerg Melee Weapons Level 1  
  68  12:41  Overlord  
  68  12:42  Overlord  
  68  12:43  Overlord  
  68  12:44  Overlord x3  
  68  12:45  Overlord x2  
  68  12:49  Zergling x8  
  68  12:50  Zergling x12  
  78  13:11  Overseer  
  78  13:12  Overseer  
  78  13:13  Overseer  
  78  13:14  Overseer  
  78  13:15  Overseer  
  78  13:16  Overseer  
  78  13:25  Extractor  
  77  13:29  Overseer  
  36  15:18  Drone x3  
Show
View Real Time Build Order
Export as new Build Order

HORSES Zerg 

Build Orders: Pool First 

Get SALT Encoding   

  12  0:10  Drone  
  12  0:11  Drone  
  14  0:18  Overlord  
  14  0:28  Overlord  
  14  0:46  Drone  
  14  0:47  Spawning Pool  
  14  0:54  Drone x2  
  16  1:09  Drone  
  17  1:18  Drone  
  18  1:34  Hatchery  
  17  1:41  Queen, Extractor  
  18  1:58  Zergling x6  
  21  2:10  Overlord  
  21  2:16  Queen  
  23  2:31  Drone  
  23  2:32  Drone  
  25  2:46  Drone  
  25  2:49  Drone  
  25  2:50  Queen  
  29  3:03  Drone  
  31  3:05  Zergling x4  
  32  3:19  Zergling x4  
  34  3:31  Zergling x2  
  35  3:47  Drone x3  
  38  4:06  Extractor  
  38  4:07  Zergling x12  
  43  4:10  Metabolic Boost  
  43  4:19  Zergling x2  
  43  4:21  Overlord  
  44  4:49  Drone x3  
  44  4:50  Drone  
  48  4:55  Drone x3  
  51  5:03  Zergling x2  
  52  5:09  Evolution Chamber  
  52  5:21  Drone  
  52  5:26  Overlord x2  
  52  5:42  Roach Warren  
  51  5:44  Zerg Melee Weapons Level 1  
  51  5:47  Overlord x2  
  51  5:50  Zergling x2  
  52  5:58  Zergling x2  
  52  5:59  Zergling x14  
  52  6:04  Queen  
  60  6:06  Lair  
  62  6:11  Drone  
  62  6:14  Drone  
  62  6:15  Drone  
  65  6:19  Drone  
  66  7:07  Spire  
  65  7:16  Glial Reconstitution  
  65  7:18  Infestation Pit  
  65  7:20  Roach x5  
  74  7:23  Roach  
  74  7:25  Zergling x6  
  74  7:26  Zergling x2  
  80  7:35  Extractor  
  79  7:38  Zerg Missile Weapons Level 1, Extractor  
  79  7:40  Drone x3  
  79  7:43  Overlord x3  
  81  8:20  Hatchery  
  81  8:25  Drone x2  
  81  8:26  Drone x2  
  84  8:46  Corruptor x3  
  90  8:52  Drone  
  90  8:53  Drone x3  
  94  9:11  Zerg Flyer Weapons Level 1  
  70  9:32  Zerg Ground Armor Level 1  
  58  10:05  Roach x3  
  55  10:16  Zergling x6  
  55  10:18  Queen  
  48  10:41  Zergling x4  
  43  10:44  Zergling x6  
  46  10:53  Zergling x4  
  25  11:12  Corruptor x2  
  24  11:20  Zerg Flyer Weapons Level 2  
  24  11:29  Drone x3  
  27  12:03  Corruptor x2  
  27  12:04  Corruptor x5  
  37  12:23  Zergling x2  
  37  12:24  Zergling x6  
  33  12:50  Zergling x4  
  7  13:32  Hatchery  
  6  14:55  Drone  
  6  14:59  Drone  
Tags
 
Add a new tag
Caveats
  • Supply blocks, unpowered buildings, or Contaminate may cause inaccurate times.
  • Supply counts are checked every 10 seconds.